 Dungeon Crawl Stone Soup version 0.31-a0-845-g9abc20d24f (webtiles) character file.

Game seed: 137929089465588089

11628 CrazyBamboolord the Covert (level 11, -5/87 HPs)
             Began as a Vine Stalker Necromancer on Oct 3, 2023.
             Was a Priest of Kikubaaqudgha.
             Slain by a death yak (7 damage)
             ... on level 1 of the Lair of Beasts.
             The game lasted 00:30:14 (10993 turns).

CrazyBamboolord the Covert (VSNe)                  Turns: 10993, Time: 00:30:15

Health: -5/87      AC: 25    Str: 11    XL:     11   Next: 80%
Magic:  0/24       EV:  2    Int: 19    God:    Kikubaaqudgha [***...]
Gold:   552        SH:  0    Dex: 15    Spells: 1/26 levels left

rFire   + . .        G - +7 short sword
rCold   . . .        (no shield)
rNeg    . . .        a - melded +0 robe
rPois   +            e - melded +1 helmet
rElec   .            v - melded scarf {rC+ rF+}
rCorr   .            n - melded +1 pair of gloves
SInv    .            k - melded +1 pair of boots
Will    +....        d - amulet of magic regeneration
Stlth   ++++         i - +5 ring of evasion
HPRegen 1.14/turn    x - ring of protection from fire
MPRegen 0.59/turn

%: guardian spirit
@: tree-form
A: stationary, stasis, torment immunity, boosted hp, (fangs 3), regeneration 1,
magic shield, (antimagic bite), no potion heal 2
a: Renounce Religion, Unearth Wretches


You were on level 1 of the Lair of Beasts.
You worshipped Kikubaaqudgha.
Kikubaaqudgha was most pleased with you.
You were a tree.
You visited 3 branches of the dungeon, and saw 13 of its levels.

You collected 552 gold pieces.

Inventory:

Hand Weapons
 G - a +7 short sword (weapon)
Armour
 a - a +0 robe (melded)
 e - a +1 helmet (melded)
 k - a +1 pair of boots (melded)
 n - a +1 pair of gloves (melded)
 v - a scarf of resistance (melded)
 z - a +2 buckler
Magical Staves
 F - a staff of earth
Jewellery
 d - an amulet of magic regeneration (around neck)
 i - a +5 ring of evasion (left branch)
 q - an amulet of regeneration
 x - a ring of protection from fire (right branch)
 B - a ring of protection from fire
Wands
 u - a wand of polymorph (2)
 w - a wand of charming (30)
Scrolls
 c - a scroll of torment
 f - 3 scrolls of teleportation
 j - 2 scrolls of amnesia
 m - 5 scrolls of revelation
 y - a scroll of poison
 H - a scroll of fear {unknown}
Potions
 g - a potion of invisibility
 h - 2 potions of curing
 l - a potion of berserk rage {unknown}
 p - a potion of attraction {unknown}
 t - a potion of haste
 A - a potion of resistance {unknown}
 C - 3 potions of enlightenment {unknown}


   Skills:
 * Level 6.4 Fighting
 * Level 6.1 Dodging
 - Level 10.0 Stealth
 * Level 8.1 Spellcasting
 * Level 4.9 Hexes
 * Level 8.8 Necromancy
 * Level 6.1 Earth Magic


You had one spell level left.
You knew the following spells:

 Your Spells              Type           Power      Damage    Failure   Level
a - Necrotise             Necr           100%       1d9       1%          1
b - Vampiric Draining     Necr           41%        2d8       1%          3
c - Animate Dead          Necr           41%        N/A       2%          4
d - Agony                 Necr           41%        N/A       7%          5
e - Leda's Liquefaction   Hex/Erth       14%        N/A       9%          4
f - Dispel Undead         Necr           41%        3d16      2%          4
g - Anguish               Hex/Necr       16%        N/A       5%          4

Your spell library contained the following spells:

 Spells                   Type           Power      Damage    Failure   Level
 Kiss of Death            Conj/Necr      96%        2d12      1%          1
 Tukima's Dance           Hex            26%        N/A       3%          3
 Cigotuvi's Dreadful Rot  Necr/Pois/Air  36%        N/A       4%          2
 Borgnjor's Vile Clutch   Necr/Erth      18%        N/A       12%         5
 Wereblood                Tmut           7%         N/A       14%         2
 Lee's Rapid Deconstruct  Erth           15%        3d10*     21%         5
 Dimensional Bullseye     Hex/Tloc       8%         N/A       32%         4
 Iskenderun's Mystic Bla  Conj/Tloc      7%         2d4       65%         4
 Irradiate                Conj/Tmut      3%         3d12      94%         5
 Bombard                  Conj/Erth      9%         9d2       98%         6


Dungeon Overview and Level Annotations

Branches:
Dungeon (10/15)            Temple (1/1) D:4            Lair (2/5) D:8
  Swamp: Lair:2-3    Shoals: Lair:2-3     Snake: Lair:2-3    Spider: Lair:2-3
    Orc: D:9-12

Altars:
Ashenzari
Cheibriados
Dithmenos
Elyvilon
Fedhas
Gozag
Hepliaklqana
Kikubaaqudgha
Makhleb
Nemelex Xobeh
Okawaru
Qazlal
Ru
Sif Muna
Trog
Uskayaw
Vehumet
Wu Jian
Xom
Yredelemnul
Zin
The Shining One

Annotations:
D:3 1 runed translucent door, Ethylacetat's ghost, amateur OpSh
D:6 1 runed translucent door, Heedrag's ghost, novice GrEE
D:10 Nergalle


Innate Abilities, Weirdness & Mutations

You are a tree.
Your roots penetrate the ground, keeping you stationary.
You cannot be teleported.
You are immune to unholy pain and torment.
Your maximum health is greatly increased.
Your equipment is partially melded.
((You have razor-sharp teeth.))
Your natural rate of healing is unusually fast.
When hurt, damage is shared between your health and your magic reserves.
((Your bite disrupts and absorbs the magic of your enemies.))
Potions cannot restore your health.


Message History

Your +1 helmet melds into your body.
Your +1 pair of gloves melds into your body.
Your +1 pair of boots melds into your body.
Your +0 robe melds into your body.
You feel hot and cold all over.
Your roots penetrate the ground.
The death yak gores you!
* * * LOW HITPOINT WARNING * * *
You hit the death yak.
The death yak is severely wounded.
The death yak gores you but does no damage.
You hit the death yak.
The death yak is severely wounded.
The death yak gores you but does no damage.
You hit the death yak.
The death yak is severely wounded.
The death yak gores you!
* * * LOW HITPOINT WARNING * * *
You hit the death yak but do no damage.
The death yak is severely wounded.
The death yak gores you!
* * * LOW HITPOINT WARNING * * *
Okay, then.
You barely miss the death yak.
The death yak is severely wounded.
The death yak gores you but does no damage.
You barely miss the death yak.
The death yak is severely wounded.
The death yak gores you but does no damage.
You puncture the death yak! Your punch misses the death yak.
The death yak is severely wounded.
The death yak gores you.
* * * LOW HITPOINT WARNING * * *
You hit the death yak but do no damage.
The death yak is severely wounded.
The death yak gores you.
* * * LOW HITPOINT WARNING * * *
You hit the death yak.
The death yak is almost dead.
The death yak gores you!
You die...
Kikubaaqudgha rasps: "You have failed me!
Welcome... death!"

### ###
#####.###############.###
#....................ZZZ.
#....................ZZZZ
#........................
#......##.#.#............
#......+♣...#............
#......#Y...#......######
##...........#.....##
#.......#..........#
##......'..........#
#P......#....#.....##
##......#....#......# ##
##......##.#.......######.
#P........Z...........#.##


You could see a death yak.

Vanquished Creatures
  A two-headed ogre (D:9)
  An ugly thing (D:9)
  4 cane toads
  12 blink frogs
  10 yaks
  3 slime creatures (D:8)
  Eustachio (D:5)
  A steam dragon (D:7)
  Menkaure (D:7)
  An acid dragon (D:8)
  5 water moccasins
  2 sky beasts
  2 ice beasts (D:7)
  4 black bears
  2 wolves (Lair:1)
  An ogre (D:7)
  3 centaurs
  4 kobold brigands
  3 phantoms
  3 bullfrogs (D:8)
  Blork the orc (D:6)
  2 scorpions
  4 wights (D:9)
  5 killer bees (D:9)
  A crimson imp (D:3)
  4 jellies
  A quasit (D:5)
  An orc priest (D:4)
  5 hounds
  A gnoll bouda (D:6)
  An iguana (D:4)
  A sleepcap (D:4)
  An orc wizard (D:9)
  10 gnolls
  9 adders
  2 shadow imps (D:5)
  4 white imps
  5 ufetubi
  A worm (D:3)
  2 dart slugs
  14 orcs
  4 ball pythons
  8 endoplasms
  4 giant cockroaches
  3 goblins
  5 hobgoblins
  12 jackals
  6 quokkas
  2 bats
  4 frilled lizards
  23 kobolds
  10 rats
220 creatures vanquished.

Vanquished Creatures (collateral kills)
  3 yaks
  A wolf (Lair:1)
  An orc (D:5)
  2 endoplasms (D:2)
  A goblin (D:2)
  A kobold (D:9)
  A ball python (D:2)
  A bat (D:3)
11 creatures vanquished.

Vanquished Creatures (others)
  3 yaks
  3 orc zombies (D:9)
  A kobold zombie (D:6)
7 creatures vanquished.

Grand Total: 238 creatures vanquished

Notes
Turn   | Place    | Note
-------+----------+-------------------------------------------
     0 | D:1      | CrazyBamboolord the Vine Stalker Necromancer began the
                  | quest for the Orb.
     0 | D:1      | Reached XP level 1. HP: 9/9 MP: 4/4
   252 | D:1      | Reached XP level 2. HP: 13/13 MP: 0/6
  1100 | D:2      | Reached skill level 3 in Stealth
  1100 | D:2      | Reached XP level 3. HP: 17/17 MP: 0/7
  1351 | D:2      | Learned a level 3 spell: Vampiric Draining
  1528 | D:2      | Found a hazy altar of Hepliaklqana.
  1561 | D:2      | Reached XP level 4. HP: 21/21 MP: 7/9
  1784 | D:3      | Found a sparkling altar of Nemelex Xobeh.
  2013 | D:3      | Learned a level 4 spell: Animate Dead
  2085 | D:3      | Reached skill level 1 in Fighting
  2185 | D:3      | Found a burning altar of Makhleb.
  2186 | D:3      | Found a radiant altar of Vehumet.
  2265 | D:3      | Reached skill level 4 in Stealth
  2265 | D:3      | Reached XP level 5. HP: 13/25 MP: 2/11
  2661 | D:3      | Found a runed translucent door.
  2661 | D:3      | Noticed Ethylacetat's ghost (amateur OpSh)
  3086 | D:4      | Reached XP level 6. HP: 27/30 MP: 0/12
  3288 | D:4      | Reached skill level 5 in Necromancy
  3583 | D:4      | Found a staircase to the Ecumenical Temple.
  3661 | Temple   | Entered the Ecumenical Temple
  3718 | D:4      | Found an ancient bone altar of Kikubaaqudgha.
  3723 | D:4      | Reached skill level 5 in Stealth
  3723 | D:4      | Reached XP level 7. HP: 32/34 MP: 14/14
  3732 | D:4      | Became a worshipper of Kikubaaqudgha
  4104 | D:5      | Entered Level 5 of the Dungeon
  4156 | D:5      | Found a broken altar of Ashenzari.
  4295 | D:5      | Noticed Eustachio
  4323 | D:5      | Noticed Edmund
  4324 | D:5      | Killed Eustachio
  4325 | D:5      | Reached skill level 6 in Stealth
  4357 | D:4      | Gained mutation: You have razor-sharp teeth. [Vine Stalker
                  | growth]
  4357 | D:4      | Reached XP level 8. HP: 39/39 MP: 0/16
  4558 | D:5      | Reached skill level 5 in Spellcasting
  4765 | D:5      | Found a glowing golden altar of the Shining One.
  4863 | D:5      | Edmund changed into Edmund the gnoll
  4863 | D:5      | Noticed Edmund
  4868 | D:5      | Killed Edmund the gnoll
  5059 | D:6      | Found a runed translucent door.
  5059 | D:6      | Noticed Heedrag's ghost (novice GrEE)
  5059 | D:6      | Noticed a troll
  5081 | D:6      | Reached skill level 1 in Earth Magic
  5094 | D:6      | Found an iron altar of Okawaru.
  5098 | D:6      | Reached * piety under Kikubaaqudgha
  5098 | D:6      | Received a gift from Kikubaaqudgha
  5287 | D:6      | Noticed Blork the orc
  5298 | D:6      | Killed Blork the orc
  6362 | D:7      | Reached skill level 7 in Stealth
  6551 | D:7      | Reached XP level 9. HP: 44/44 MP: 16/18
  6575 | D:7      | Found a shimmering altar of Xom.
  6770 | D:7      | Reached ** piety under Kikubaaqudgha
  7097 | D:7      | Found a white marble altar of Elyvilon.
  7231 | D:7      | Noticed Menkaure
  7240 | D:7      | Killed Menkaure
  7468 | D:8      | Learned a level 5 spell: Agony
  7645 | D:8      | Found a hide-covered altar of Uskayaw.
  7687 | D:8      | Reached skill level 8 in Stealth
  7892 | D:8      | Reached skill level 1 in Hexes
  7982 | D:8      | Reached XP level 10. HP: 27/51 MP: 5/20
  8089 | D:8      | Found a staircase to the Lair.
  8157 | D:9      | Noticed a two-headed ogre
  8268 | D:9      | Found a glowing silver altar of Zin.
  8465 | D:9      | Found the Hermit's Pendant {Faith Invo=14 Evo=0 MP+5}
  8846 | D:9      | Noticed a cyan ugly thing
  8877 | D:9      | Killed a red ugly thing
  8878 | D:9      | Reached skill level 5 in Fighting
  9032 | D:9      | Killed a two-headed ogre
  9033 | D:9      | Reached skill level 5 in Dodging
  9033 | D:9      | Reached skill level 9 in Stealth
  9212 | D:9      | Learned a level 4 spell: Leda's Liquefaction
  9223 | D:10     | Entered Level 10 of the Dungeon
  9223 | D:10     | Noticed Nergalle
  9287 | Lair:1   | Entered Level 1 of the Lair of Beasts
  9307 | Lair:1   | Noticed a cane toad
  9309 | Lair:1   | Noticed a cane toad
  9352 | D:8      | Killed a cane toad
  9468 | D:8      | Killed a cane toad
  9469 | D:8      | Reached skill level 5 in Earth Magic
  9541 | D:8      | Reached XP level 11. HP: 47/56 MP: 3/23
 10041 | D:8      | Reached *** piety under Kikubaaqudgha
 10041 | D:8      | Received a gift from Kikubaaqudgha
 10078 | D:8      | Learned a level 4 spell: Dispel Undead
 10083 | D:8      | Learned a level 4 spell: Anguish
 10164 | D:8      | Reached skill level 10 in Stealth
 10939 | Lair:2   | Noticed a death yak
 10939 | Lair:2   | Noticed a death yak
 10939 | Lair:2   | Noticed a death yak
 10939 | Lair:2   | Noticed a death yak
 10988 | Lair:1   | HP: 3/87 [death yak (5)]
 10992 | Lair:1   | HP: 1/87 [death yak (5)]
 10993 | Lair:1   | Slain by a death yak

Illustrated notes

Levels and vault maps discovered:
D:1:      scummos_arrival_forest, layout_basic
D:2:      layout_rooms, basic_altar
D:3:      layout_basic, grunt_temple_overflow_lords_of_destruction,
          nemelex_diamond_rough_becter, hellmonk_ghost_happy_afterlife
D:4:      layout_loops_ring, nicolae_kikubaaqudgha_miasma_corner,
          minmay_temple_entry_proselytizer
D:5:      layout_cave_pools, evilmike_ruin_ashenzari, lemuel_doored_altar,
          serial_demonic, serial_demonic_c, serial_demonic_a, serial_demonic_b,
          serial_demonic_b, uniq_eustachio, uniq_edmund
D:6:      layout_loops_ring, okawaru_gym_becter, ebering_ghost_inner_flame,
          dk_noncrumbling_2, uniq_blork_the_orc
D:7:      layout_loops_ring, mainiacjoe_overflow_brackets,
          mainiacjoe_overflow_boulevard, uniq_menkaure
D:8:      layout_basic, mainiacjoe_overflow_alcove_4, dpeg_oklobed_lair
D:9:      layout_basic, lemuel_tele_altar
D:10:     layout_roguey, uniq_snorg, uniq_nergalle, uniq_maurice
Temple:   minmay_temple_curvy_loop
Lair:1:   layout_chaotic_city, grunt_megastairs_2
Lair:2:   layout_cave_pods, nicolae_spider_entry_tight_spaces,
          grunt_megastairs_3, lemuel_fruit_fields, uniq_harold

Skill      XL: |  1  2  3  4  5  6  7  8  9 10 11 |
---------------+----------------------------------+-----
Stealth        | 3 4 5 6 7 8 9 10 | 10.0
Spellcasting   | 3 4 5 6 7 8 |  8.1
Dodging        | 2 3 4 5 6 |  6.1
Fighting       | 1 2 3 4 5 6 |  6.4
Necromancy     | 5 6 7 8 |  8.8
Earth Magic    | 2 3 5 6 |  6.1
Hexes          | 1 3 4 |  4.9

Action                     |  1- 3 |  4- 6 |  7- 9 | 10-12 || total
---------------------------+-------+-------+-------+-------++-------
  Melee: Short sword       |    33 |   132 |   198 |   142 ||   505
         Bite              |     7 |    38 |    47 |    61 ||   153
         Punch             |       |     4 |     3 |       ||     7
   Cast: Necrotise         |    46 |   114 |   198 |   140 ||   498
         Vampiric Draining |       |       |    40 |   101 ||   141
         Animate Dead      |       |       |     1 |     4 ||     5
         Agony             |       |       |       |     2 ||     2
         Anguish           |       |       |       |     5 ||     5
         Leda's Liquefacti |       |       |       |     1 ||     1
  Evoke: Wand              |       |       |     1 |     2 ||     3
    Use: Scroll            |     2 |     1 |     9 |    11 ||    23
         Potion            |       |     1 |     2 |     7 ||    10
   Stab: Sleeping          |     1 |     6 |     5 |     4 ||    16
         Distracted        |       |     1 |       |       ||     1
 Armour: Robe              |    21 |    73 |   268 |   235 ||   597
         Skin              |       |       |       |    17 ||    17
  Dodge: Dodged            |    50 |   126 |   554 |   409 ||  1139

Table legend: (Time is in decaauts)
 A = Elapsed time spent in this place.
 B = Non-inter-level travel time spent in this place.
 C = Inter-level travel time spent in this place.
 D = Time resting spent in this place.
 E = Time spent auto-exploring this place.
 F = Levels seen in this place.
 G = Mean time per level.
                   A        B        C        D        E       F      G
               +--------+--------+--------+--------+--------+-----+--------+
         Total |  10991 |  10456 |    535 |   1134 |   6923 |  13 |  845.5 |
       Dungeon |  10125 |   9606 |    519 |   1134 |   6300 |  10 | 1012.5 |
        Temple |      1 |      1 |      0 |      0 |      0 |   1 |    1.0 |
          Lair |    864 |    849 |     15 |      0 |    623 |   2 |  432.0 |
               +--------+--------+--------+--------+--------+-----+--------+

Top non-repeatable levels by time:
     D:8: 1591 daAuts
     D:4: 1348 daAuts
     D:3: 1226 daAuts
     D:6: 1139 daAuts
     D:7: 1075 daAuts
     D:1: 1060 daAuts
     D:9: 1016 daAuts
     D:5: 1008 daAuts
  Lair:1: 800 daAuts
     D:2: 655 daAuts
  Lair:2: 63 daAuts
    D:10: 3 daAuts
  Temple: 1 daAuts
